 Dungeon Crawl Stone Soup version 0.29.1-debian-1-gc3f1650bb9 (webtiles) character file.

Game seed: 12232406602700713044

84 lampshaded the Chopper (level 4, -1/39 HPs)
             Began as a Hill Orc Fighter on Sept 12, 2022.
             Succumbed to a water moccasin's poison
             ... in a sewer.
             The game lasted 00:02:47 (1741 turns).

lampshaded the Chopper (Hill Orc Fighter)           Turns: 1741, Time: 00:02:48

Health: -1/39      AC: 10    Str: 20    XL:     4   Next: 46%
Magic:  4/4        EV:  9    Int:  8    God:
Gold:   131        SH:  4    Dex: 10    Spells: 3/3 levels left

rFire   . . .      SeeInvis +   a - +0 war axe
rCold   + . .      Faith    .   c - +0 buckler
rNeg    . . .      Spirit   .   b - +0 scale mail
rPois   .          Reflect  .   q - +2 helmet {SInv}
rElec   .          Harm     .   (no cloak)
rCorr   .          Rampage  .   (no gloves)
Will    .....                   (no boots)
Stlth   ..........              n - amulet of magic regeneration
HPRegen 0.13/turn               i - ring of protection from cold
MPRegen 0.49/turn               (no ring)

@: brilliant, lethally poisoned (-1 -> -27), invisible
A: no striking features
a: no special abilities


You were in a sewer.
You visited 1 branch of the dungeon, and saw 3 of its levels.
You also visited: Sewer.

You collected 131 gold pieces.

Inventory:

Hand Weapons
 a - a +0 war axe (weapon)
Armour
 b - a +0 scale mail (worn)
 c - a +0 buckler (worn)
 q - a +2 helmet of see invisible (worn)
 s - the +0 helmet of Jyneffer {rCorr}
   (You found it on level 3 of the Dungeon)

   rCorr:     It protects you from acid and corrosion.
Jewellery
 i - a ring of protection from cold (left hand)
 n - an amulet of magic regeneration (around neck)
Scrolls
 f - 2 scrolls of identify {unknown}
 g - a scroll of enchant armour {unknown}
 j - a scroll of teleportation {unknown}
 o - 2 scrolls of vulnerability {unknown}
 r - a scroll of enchant weapon {unknown}
 t - a scroll of blinking {unknown}
Potions
 d - a potion of might
 h - a potion of brilliance
 k - a potion of curing {unknown}
 l - a potion of cancellation {unknown}
 m - a potion of flight {unknown}
 p - a potion of ambrosia {unknown}
 u - a potion of resistance {unknown}


   Skills:
 - Level 3.6 Fighting
 * Level 6.1 Axes
 - Level 3.2 Armour
 - Level 3.2 Shields


You had 3 spell levels left.
You didn't know any spells.
Your spell library contained the following spells:

 Spells                   Type           Power      Damage    Failure   Level
 Ensorcelled Hibernation  Hex/Ice        0%         N/A       94%         2
 Spider Form              Tmut/Pois      0%         N/A       99%         3
 Anguish                  Hex/Necr       0%         N/A       100%        4


Dungeon Overview and Level Annotations

Branches:
Dungeon (3/15)              Sewer (1/1)

Altars:

Shops:
D:1 *


Message History

The water moccasin is lightly wounded.
The water moccasin bites you but does no damage.
The water moccasin closely misses you.
You hit the water moccasin.
The water moccasin is moderately wounded.
You block the water moccasin's attack.
The water moccasin bites you but does no damage.
You closely miss the water moccasin.
The water moccasin is moderately wounded.
The water moccasin barely misses you.
You closely miss the water moccasin.
The water moccasin is moderately wounded.
The water moccasin bites you. The water moccasin barely misses you.
You hit the water moccasin.
The water moccasin is moderately wounded.
The water moccasin barely misses you. You block the water moccasin's attack.
You closely miss the water moccasin.
The water moccasin is moderately wounded.
The water moccasin bites you.
You are poisoned.
The water moccasin poisons you! The water moccasin barely misses you.
You hit the water moccasin but do no damage.
The water moccasin is moderately wounded.
You feel very sick. You block the water moccasin's attack.
You closely miss the water moccasin.
The water moccasin is moderately wounded.
You feel sick. The water moccasin bites you.
You are lethally poisoned!
The water moccasin poisons you! The water moccasin bites you!
You are more poisoned.
The water moccasin poisons you!
It was a potion of brilliance.
You feel clever all of a sudden.
* * * LOW HITPOINT WARNING * * *
You feel extremely sick.
The water moccasin bites you but does no damage.
It was a potion of invisibility.
You fade into invisibility!
You die...

#~~~~.##
#.~~#...#
#~.###~.##
#... #.~.#
#~~# ##~~#
#.. #~.#
#. #..#
##..#
#@S.#
##..##
#...#
#.~.~.##
#~~~~.#
##.~~##
#... ~#~#
?$#.


You could see a water moccasin (unable to see you).

Vanquished Creatures
  4 adders
  A worm (D:2)
  2 dart slugs
  2 endoplasms
  6 goblins
  4 hobgoblins
  3 jackals (Sewer)
  2 kobolds
  4 quokkas
  2 ball pythons
  3 bats
  5 frilled lizards
  3 rats
41 creatures vanquished.

Notes
Turn   | Place    | Note
-------+----------+-------------------------------------------
     0 | D:1      | lampshaded the Hill Orc Fighter began the quest for the
                  | Orb.
     0 | D:1      | Reached XP level 1. HP: 19/19 MP: 1/1
    25 | D:1      | Found Seivemib's General Store.
    42 | D:1      | Reached skill level 3 in Axes
   129 | D:1      | Reached XP level 2. HP: 26/26 MP: 2/2
   210 | D:1      | Reached skill level 4 in Axes
   711 | D:2      | Reached XP level 3. HP: 16/31 MP: 3/3
   898 | D:2      | Reached skill level 5 in Axes
  1220 | D:2      | Reached XP level 4. HP: 29/39 MP: 4/4
  1570 | D:3      | Identified the +0 helmet of Jyneffer {rCorr}
  1607 | D:3      | Found a glowing drain.
  1613 | D:3      | Reached skill level 6 in Axes
  1622 | Sewer    | Entered a sewer
  1724 | Sewer    | Noticed a water moccasin
  1741 | Sewer    | Succumbed to a water moccasin's poison

Illustrated notes

Levels and vault maps discovered:
D:1:      ncdulo_smallfort, layout_loops_ring, serial_shops, shop
D:2:      layout_rooms
D:3:      cheibrodos_old_hovel, layout_basic, portal_sewer_entry_d,
          ebering_ecumenical_altar_hall
Sewer:    sewer_the_moccasin

Skill      XL: |  1  2  3  4 |
---------------+-------------+-----
Axes           | 3 4 5 6 |  6.1
Fighting       | |  3.6
Armour         | |  3.2
Shields        | |  3.2

Action                   |  1- 3 |  4- 6 || total
-------------------------+-------+-------++-------
Melee: War axe           |    92 |    38 ||   130
  Use: Potion            |       |     2 ||     2
Armor: Scale mail        |    49 |    24 ||    73
Dodge: Dodged            |    55 |    14 ||    69
Block: Buckler           |    28 |     9 ||    37
